 Dungeon Crawl Stone Soup version 0.26-a0-834-g69557b85cc (webtiles) character file.

Game seed: 4429209585041908737

501 marklar909 the Sneak (level 6, -6/52 HPs)
             Began as a Draconian Delver on Nov 17, 2020.
             Was a Believer of Fedhas.
             Killed from afar by whatsthevibe's ghost (12 damage)
             ... with a magic dart
             ... on level 3 of the Dungeon.
             The game lasted 00:05:52 (3524 turns).

marklar909 the Sneak (Draconian Delver)             Turns: 3524, Time: 00:05:53

Health: -6/52      AC:  6    Str: 15    XL:     6   Next: 95%
Magic:  6/6        EV: 28    Int: 10    God:    Fedhas [**....]
Gold:   111        SH:  0    Dex: 14    Spells: 5/5 levels left

rFire    . . .     SeeInvis .   a - +0 falchion
rCold    . . .     Faith    .   (no shield)
rNeg     . . .     Spirit   .   (armour unavailable)
rPois    .         Reflect  .   (helmet restricted)
rElec    .         Harm     .   (no cloak)
rCorr    .         Rampage  .   (no gloves)
MR       .....                  (no boots)
Stlth    +++.......             w - amulet of the acrobat
HPRegen  0.17/turn              (no ring)
MPRegen  0.10/turn              (no ring)

@: acrobat
A: unfitting armour, cold-blooded, AC +6
a: Wall of Briars, Renounce Religion


You were on level 3 of the Dungeon.
You worshipped Fedhas.
Fedhas was pleased with you.
You visited 1 branch of the dungeon, and saw 5 of its levels.

You collected 111 gold pieces.

Inventory:

Hand Weapons
 a - a +0 falchion (weapon)
Missiles
 p - 13 poisoned darts (quivered)
Jewellery
 w - an amulet of the acrobat (around neck)
Wands
 f - a wand of digging (3)
 h - a wand of iceblast (1)
Scrolls
 b - 2 scrolls of fog
 c - 2 scrolls of magic mapping
 d - a scroll of fear
 i - a scroll of remove curse {unknown}
 j - a scroll of summoning {unknown}
 m - a scroll of immolation {unknown}
 n - a scroll of random uselessness {unknown}
 r - 4 scrolls of identify {unknown}
 v - a scroll of teleportation {unknown}
Potions
 e - 2 potions of haste
 g - a potion of berserk rage {unknown}
 k - 2 potions of flight {unknown}
 l - 2 potions of heal wounds {unknown}
 o - a potion of lignification {unknown}
 q - a potion of curing {unknown}
 s - a potion of mutation {unknown}
 t - a potion of might {unknown}


   Skills:
 + Level 4.2 Fighting
 + Level 4.6 Long Blades
 + Level 2.6 Dodging
 + Level 6.6 Stealth
 + Level 0.6 Evocations


You had 5 spell levels left.
You didn't know any spells.
Your spell library contained the following spells:

 Spells                   Type           Power        Failure   Level
 Confusing Touch          Hex            #.......     75%         3
 Gell's Gravitas          Tloc           #.........   75%         3
 Petrify                  Tmut/Erth      #.......     98%         4
 Metabolic Englaciation   Hex/Ice        #.........   100%        5
 Yara's Violent Unravell  Hex/Tmut       #.........   100%        5


Dungeon Overview and Level Annotations

Branches:
Dungeon (5/15)
 Temple: D:4-7

Altars:
Cheibriados
Elyvilon
Fedhas
Okawaru
Trog

Annotations:
D:3 whatsthevibe's ghost, weakling DgCj


Innate Abilities, Weirdness & Mutations

Your plain brown scales are hard. (AC +6)
You cannot fit into any form of body armour.
You are cold-blooded and may be slowed by cold attacks.


Message History

You closely miss whatsthevibe's ghost.
Your tail-slap misses whatsthevibe's ghost.
Whatsthevibe's ghost is lightly damaged.
Whatsthevibe's ghost hits you.
Unknown command.
You hit whatsthevibe's ghost.
Whatsthevibe's ghost is moderately damaged.
Whatsthevibe's ghost barely misses you.
You barely miss whatsthevibe's ghost.
Whatsthevibe's ghost is moderately damaged.
Whatsthevibe's ghost hits you.
You are electrocuted!
* * * LOW HITPOINT WARNING * * *
Whatsthevibe's ghost hits you.
* * * LOW HITPOINT WARNING * * *
You are electrocuted!
* * * LOW HITPOINT WARNING * * *
Whatsthevibe's ghost casts a spell at you.
The magic dart hits you!
You die...
Fedhas appreciates your contribution to the ecosystem.

....... .......
.......###########
####+##..........#
.........#######.#
....†....# #.#
.........# #.#
.........# #.#
.........#######@#
#........'.##.W..#
....(....#.##.####
..##.###.#.#.(####
..##.########((..####
..##.#≈!≈≈≈≈'†......#
..##.########.......#
..##.##.....).......#
...#.##......)..<...#


You could see whatsthevibe's ghost.

Vanquished Creatures
  A phantom (D:4)
  A bullfrog (D:3)
  A hound (D:5)
  An orc priest (D:5)
  An orc wizard (D:5)
  Natasha (thrice) (D:2)
  A worker ant (D:5)
  A hound skeleton (D:5)
  7 adders
  3 dart slugs
  4 leopard geckos
  5 orcs
  A ball python (D:3)
  A bat zombie (D:1)
  3 giant cockroaches
  3 goblins (D:1)
  7 hobgoblins
  8 jackals
  A quokka (D:5)
  7 bats
  13 frilled lizards
  5 kobolds
  A quokka zombie (D:1)
  4 rats (D:2)
83 creatures vanquished.

Vanquished Creatures (others)
  8 plants (D:1)
8 creatures vanquished.

Grand Total: 91 creatures vanquished

Notes
Turn   | Place    | Note
-------+----------+-------------------------------------------
     0 | D:5      | marklar909 the Draconian Delver began the quest for the
                  | Orb.
     0 | D:5      | Reached XP level 1. HP: 19/19 MP: 1/1
     4 | D:5      | Found a blossoming altar of Fedhas.
    11 | D:5      | Noticed an orc wizard
    22 | D:5      | Became a worshipper of Fedhas Madash
    70 | D:5      | Noticed an orc priest
   257 | D:5      | Noticed a howler monkey
   258 | D:5      | Noticed a worker ant
   321 | D:5      | Killed an orc wizard
   322 | D:5      | Reached skill level 5 in Stealth
   322 | D:5      | Reached XP level 2. HP: 19/26 MP: 2/2
   322 | D:5      | Reached XP level 3. HP: 22/31 MP: 3/3
   425 | D:5      | Reached XP level 4. HP: 15/39 MP: 4/4
   824 | D:5      | Reached skill level 6 in Stealth
   958 | D:5      | Found a bloodstained altar of Trog.
   985 | D:5      | Reached XP level 5. HP: 46/46 MP: 5/5
  1005 | D:5      | Noticed an ice beast
  1024 | D:4      | Noticed a phantom
  1068 | D:4      | Killed a phantom
  1068 | D:4      | Reached * piety under Fedhas
  1634 | D:1      | You fall into a shaft and drop 1 floor!
  1634 | D:2      | Found a white marble altar of Elyvilon.
  1649 | D:2      | Reached XP level 6. HP: 47/52 MP: 6/6
  1746 | D:2      | Found an iron altar of Okawaru.
  1755 | D:2      | Noticed Natasha
  1783 | D:2      | Killed Natasha
  1982 | D:2      | Noticed Natasha
  1989 | D:2      | Killed Natasha
  2009 | D:2      | Reached ** piety under Fedhas
  2110 | D:2      | Found a snail-covered altar of Cheibriados.
  2195 | D:2      | Noticed Natasha
  2200 | D:2      | Killed Natasha
  3367 | D:3      | Found a bloodstained altar of Trog.
  3436 | D:3      | Found a faded altar of an unknown god.
  3462 | D:3      | Found a runed translucent door.
  3485 | D:3      | Noticed whatsthevibe's ghost (weakling DgCj)
  3524 | D:3      | Killed from afar by whatsthevibe's ghost

Illustrated notes

Levels and vault maps discovered:
D:1:      saegor_arrival_fortress, layout_basic, minmay_lizard_king
D:2:      layout_loops_ring, marbit_many_paths, lemuel_doored_altar,
          elyvilon_altar_5, uniq_natasha
D:3:      layout_basic, tso_altar, nicolae_overflow_crystal_walls,
          chequers_ecumenical_altar_simple, ebering_ghost_sewer_d,
          tgw_kikubaaqudgha
D:4:      layout_loops_ring, minmay_temple_entry_arrows
D:5:      layout_loops_cross, lemuel_crystal_altar, kennysheep_mini,
          minmay_strange_pillars, hangedman_feature_mirror,
          chequers_serial_rivers_large_a

Skill      XL: |  1  2  3  4  5  6 |
---------------+-------------------+-----
Stealth        | 5 6 |  6.6
Dodging        | 2 |  2.6
Long Blades    | 3 4 |  4.6
Fighting       | 4 |  4.2
Evocations     | |  0.6

Action                   |  1- 3 |  4- 6 || total
-------------------------+-------+-------++-------
Melee: Falchion          |    22 |   223 ||   245
       Tailslap          |     5 |    44 ||    49
Evoke: Wand              |     1 |     6 ||     7
 Stab: Sleeping          |       |    16 ||    16
Armor: Skin              |     6 |    75 ||    81
Dodge: Dodged            |    18 |   193 ||   211
       Rpst.: Falchion   |     6 |    65 ||    71

Table legend: (Time is in decaauts)
 A = Elapsed time spent in this place.
 B = Non-inter-level travel time spent in this place.
 C = Inter-level travel time spent in this place.
 D = Time resting spent in this place.
 E = Time spent auto-exploring this place.
 F = Levels seen in this place.
 G = Mean time per level.
                   A        B        C        D        E       F      G
               +--------+--------+--------+--------+--------+-----+--------+
         Total |   3583 |   3340 |    243 |    714 |   1869 |   5 |  716.6 |
       Dungeon |   3583 |   3340 |    243 |    714 |   1869 |   5 |  716.6 |
               +--------+--------+--------+--------+--------+-----+--------+

Top non-repeatable levels by time:
     D:1: 1052 daAuts
     D:5: 1039 daAuts
     D:2: 849 daAuts
     D:4: 416 daAuts
     D:3: 226 daAuts
